 Dungeon Crawl Stone Soup version 0.23.0 (webtiles) character file.

Game seed: 17284200649813985656

8635 Kairos the Cleaver (level 11, 0/58 HPs)
             Began as a Vine Stalker Fighter on Feb 15, 2019.
             Was a High Priest of Okawaru.
             Slain by an eight-headed hydra (3 damage)
             ... on level 1 of the Lair of Beasts.
             The game lasted 00:14:54 (7784 turns).

Kairos the Cleaver (Vine Stalker Fighter)           Turns: 7784, Time: 00:14:55

Health: 0/58       AC: 17    Str: 21    XL:     11   Next: 34%
Magic:  0/12       EV: 12    Int:  8    God:    Okawaru [*****.]
Gold:   94         SH: 13    Dex: 15    Spells: 10/10 levels left

rFire    . . .     SeeInvis .   I - +2 mace (drain)
rCold    . . .     Gourm    .   c - +0 shield
rNeg     . . .     Faith    .   a - +0 chain mail
rPois    +         Spirit   +   (helmet restricted)
rElec    .         Reflect  .   G - +0 cloak
rCorr    .         Harm     .   (no gloves)
MR       +....                  C - +0 pair of boots
Stlth    ..........             l - amulet of rage
HPRegen  0.59/turn              t - ring of flight
MPRegen  0.13/turn              O - ring of poison resistance

@: about to teleport, heroism
A: fangs 3, horns 1, slimy green scales 1, regeneration 1, magic shield,
antimagic bite, no potion heal 3, rot immunity
a: Heroism, Finesse, Renounce Religion, Evoke Berserk Rage, Evoke Flight


You were on level 1 of the Lair of Beasts.
You worshipped Okawaru.
Okawaru was extremely pleased with you.
You were not hungry.

You visited 3 branches of the dungeon, and saw 11 of its levels.

You collected 490 gold pieces.
You spent 396 gold pieces at shops.

Inventory:

Hand Weapons
 k - a +1 war axe of electrocution
 y - a +2 whip of freezing
 I - a +2 mace of draining (weapon)
Armour
 a - a +0 chain mail (worn)
 b - a +0 scale mail
 c - a +0 shield (worn)
 C - a +0 pair of boots (worn)
 G - a +0 cloak (worn)
Jewellery
 l - an amulet of rage (around neck)
 p - an uncursed ring of fire
 t - a ring of flight (left hand)
 K - an uncursed amulet of regeneration
 O - a ring of poison resistance (right hand)
Wands
 x - a wand of iceblast (12)
 E - a wand of flame (9)
 J - a wand of enslavement (9)
Scrolls
 h - 6 scrolls of remove curse
 i - 7 scrolls of identify
 q - 7 scrolls of fog
 u - 2 scrolls of teleportation
 v - 2 scrolls of blinking {unknown}
 A - 4 scrolls of amnesia {unknown}
 D - 3 scrolls of magic mapping {unknown}
 F - a scroll of vulnerability {unknown}
 H - a scroll of random uselessness {unknown}
 L - a scroll of summoning {unknown}
 N - a scroll of torment {unknown}
Potions
 d - a potion of might
 e - 2 potions of agility
 g - 2 potions of invisibility {unknown}
 j - a potion of flight {unknown}
 m - a potion of cancellation {unknown}
 o - a potion of curing
 r - 3 potions of magic {unknown}
 s - 3 potions of degeneration {unknown}
 z - a potion of brilliance {unknown}
 B - 2 potions of haste {unknown}
 M - a potion of berserk rage {unknown}
Comestibles
 f - 7 rations
 n - 6 chunks of flesh


   Skills:
 + Level 6.4(11.4) Fighting
 + Level 10.6(15.6) Axes
 + Level 7.0(12.0) Armour
 + Level 2.2(7.2) Dodging
 + Level 1.2(6.2) Stealth
 + Level 7.5(12.5) Shields
 + Level 0.6 Invocations


You had 10 spell levels left.
You didn't know any spells.
Your spell library contained the following spells:

 Spells                   Type           Power        Failure   Level  Hunger
 Confusing Touch          Hex            #.....       98%         1    ##.....
 Passwall                 Tmut/Erth      #.......     99%         2    ###....
 Confuse                  Hex            #.......     100%        3    ####...
 Stone Arrow              Conj/Erth      #.....       100%        3    ####...
 Summon Ice Beast         Ice/Summ       #.......     100%        4    #####..
 Lee's Rapid Deconstruct  Erth           #.........   100%        5    ######.
 Iron Shot                Conj/Erth      #.........   100%        6    #######
 Statue Form              Tmut/Erth      #........    100%        6    #######


Dungeon Overview and Level Annotations

Branches:
Dungeon (9/15)             Temple (1/1) D:6            Lair (1/6) D:9
    Orc: D:9-12

Altars:
Ashenzari
Cheibriados
Dithmenos
Elyvilon
Gozag
Hepliaklqana
Kikubaaqudgha
Makhleb
Nemelex Xobeh
Okawaru
Ru
Sif Muna
Trog
Uskayaw
Vehumet
Zin
The Shining One

Shops:
D:4 !   D:6 *

Annotations:
D:6 3 runed translucent doors, MalarOregon's ghost, novice MfWz; feelmyfire's ghost, novice DrIE


Innate Abilities, Weirdness & Mutations

You have razor-sharp teeth.
Your natural rate of healing is unusually fast.
When hurt, damage is shared between your health and your magic reserves.
Your bite disrupts and absorbs the magic of your enemies.
Potions cannot restore your health.
You are immune to rotting.
You have a pair of small horns on your head.
You are partially covered in slimy green scales. (AC +2)


Message History

The eight-headed hydra bites you but does no damage. x3
The eight-headed hydra bites you! x2
* * * LOW HITPOINT WARNING * * *
The eight-headed hydra bites you but does no damage.
The crocodile bites you but does no damage.
As you read the scroll of teleportation, it crumbles to dust.
You feel strangely unstable.
You block the eight-headed hydra's attack. x2
The eight-headed hydra bites you!
* * * LOW HITPOINT WARNING * * *
You block the eight-headed hydra's attack.
The eight-headed hydra bites you but does no damage.
The eight-headed hydra bites you.
* * * LOW HITPOINT WARNING * * *
The eight-headed hydra closely misses you.
The eight-headed hydra bites you but does no damage. x2
The eight-headed hydra closely misses you.
The eight-headed hydra bites you but does no damage. x4
The eight-headed hydra bites you.
You die...

...............
..l..................
.....#.........(....
.##..................
.....................
...........D............
...............# .......
..............###D......
...............#@t.#
..............DD####
.............P###
.........>...##
.....[.......#
[รท.......#..##
........###..#
...##....#####
.........#


You could see 2 eight-headed hydras, a four-headed hydra and a crocodile.

Vanquished Creatures
  Erica (D:8)
  An unseen horror (D:7)
  Pikel (D:5)
  Psyche (D:8)
  A gargoyle (D:7)
  2 komodo dragons (Lair:1)
  2 trolls
  Grinder (D:3)
  2 hippogriffs
  A basilisk (D:7)
  A hungry ghost (D:7)
  A vampire mosquito (D:7)
  A porcupine (Lair:1)
  A water moccasin (D:6)
  2 hornet zombies
  4 orc warriors
  A sky beast (D:8)
  A black bear (D:6)
  2 phantoms
  3 ogres
  7 centaurs
  2 big kobolds
  5 bullfrogs
  3 scorpions
  8 wights
  A howler monkey (D:4)
  4 crimson imps
  4 quasits
  A bullfrog zombie (D:9)
  A hound (D:8)
  6 orc priests
  Crazy Yiuf (D:7)
  3 bullfrog skeletons
  2 centaur skeletons
  2 iguanas
  6 orc wizards
  3 worker ants
  2 killer bee zombies
  A worker ant zombie (D:9)
  Robin (D:4)
  10 gnolls
  16 adders
  A howler monkey skeleton (D:8)
  2 shadow imps
  An ooze (D:1)
  An adder skeleton (D:7)
  5 worms
  2 dart slugs (D:1)
  2 leopard geckos (D:1)
  29 orcs
  5 giant cockroaches
  11 goblins
  14 hobgoblins
  9 jackals
  8 quokkas
  8 bats
  6 frilled lizards
  10 kobolds
  A leopard gecko skeleton (D:7)
  A quokka skeleton (D:6)
  8 rats
243 creatures vanquished.

Vanquished Creatures (others)
  A phantom (D:5)
  An ogre (D:5)
  A water moccasin skeleton (D:5)
  A worker ant (D:5)
  An adder (D:5)
  An adder zombie (D:5)
  A dart slug (D:5)
  An orc (D:5)
  A jackal (D:5)
  A giant cockroach zombie (D:5)
10 creatures vanquished.

Grand Total: 253 creatures vanquished

Notes
Turn   | Place    | Note
-------+----------+-------------------------------------------
     0 | D:1      | Kairos the Vine Stalker Fighter began the quest for the
                  | Orb.
     0 | D:1      | Reached XP level 1. HP: 11/11 MP: 2/2
    40 | D:1      | Reached XP level 2. HP: 4/16 MP: 0/3
   358 | D:1      | Reached skill level 2 in Axes
   495 | D:1      | Reached XP level 3. HP: 13/20 MP: 0/4
  1111 | D:2      | Gained mutation: Your natural rate of healing is unusually
                  | fast. [Vine Stalker growth]
  1111 | D:2      | Reached XP level 4. HP: 24/24 MP: 5/5
  1545 | D:3      | Reached skill level 3 in Axes
  1687 | D:3      | Noticed a big kobold
  1687 | D:3      | Noticed Grinder
  1692 | D:3      | Killed a big kobold
  1692 | D:3      | Reached XP level 5. HP: 28/28 MP: 6/6
  1696 | D:3      | Paralysed by Grinder for 3 turns
  1704 | D:3      | HP: 1/28 [Grinder (4)]
  1778 | D:3      | Paralysed by Grinder for 4 turns
  1783 | D:3      | Killed Grinder
  1783 | D:3      | Reached skill level 4 in Axes
  1783 | D:3      | Reached XP level 6. HP: 27/32 MP: 4/7
  1951 | D:3      | Reached skill level 1 in Dodging
  1975 | D:3      | Reached XP level 7. HP: 16/36 MP: 6/8
  2277 | D:3      | Reached skill level 5 in Axes
  2521 | D:4      | Found Fofughaq's Distillery.
  2670 | D:4      | Noticed Robin
  2671 | D:4      | Killed Robin
  2882 | D:5      | Entered Level 5 of the Dungeon
  2916 | D:5      | Noticed Pikel
  2938 | D:5      | Killed Pikel
  2938 | D:5      | Reached skill level 6 in Axes
  2938 | D:5      | Gained mutation: You have razor-sharp teeth. [Vine Stalker
                  | growth]
  2938 | D:5      | Reached XP level 8. HP: 14/42 MP: 7/9
  3333 | D:5      | Found an ancient bone altar of Kikubaaqudgha.
  3356 | D:5      | Found a snail-covered altar of Cheibriados.
  3719 | D:6      | Found a runed translucent gate.
  3719 | D:6      | Found a runed translucent gate.
  3719 | D:6      | Found a runed translucent gate.
  3731 | D:6      | Noticed feelmyfire's ghost (novice DrIE)
  3731 | D:6      | Noticed MalarOregon's ghost (novice MfWz)
  3787 | D:6      | Reached skill level 7 in Axes
  3787 | D:6      | Reached skill level 5 in Shields
  3822 | D:6      | Found a staircase to the Ecumenical Temple.
  3923 | Temple   | Entered the Ecumenical Temple
  4049 | Temple   | Became a worshipper of Warmaster Okawaru
  4163 | D:6      | Found Igremm's Serpentskin Sales.
  4169 | D:6      | Reached XP level 9. HP: 43/45 MP: 8/10
  4457 | D:7      | Reached skill level 5 in Armour
  4476 | D:7      | Found a burning altar of Makhleb.
  4656 | D:7      | Found a bloodstained altar of Trog.
  4752 | D:7      | Reached * piety under Okawaru
  4910 | D:7      | Reached skill level 8 in Axes
  5026 | D:7      | Noticed a troll
  5026 | D:7      | Noticed a gargoyle
  5044 | D:7      | Killed an unseen horror
  5044 | D:7      | Reached ** piety under Okawaru
  5044 | D:7      | Reached skill level 5 in Fighting
  5051 | D:7      | Killed a troll
  5051 | D:7      | Reached XP level 10. HP: 44/51 MP: 11/11
  5066 | D:7      | Killed a gargoyle
  5066 | D:7      | Reached *** piety under Okawaru
  5104 | D:7      | Identified Peipp's Papyrus of the Congealing Mountains
  5219 | D:7      | Found an opulent altar of Gozag.
  5300 | D:7      | Found a runed translucent door.
  5301 | D:7      | Noticed Crazy Yiuf
  5532 | D:7      | Killed Crazy Yiuf
  5750 | D:8      | Found a radiant altar of Vehumet.
  5769 | D:8      | Reached skill level 9 in Axes
  6040 | D:8      | Reached skill level 1 in Stealth
  6105 | D:8      | Noticed Psyche
  6108 | D:8      | Noticed Erica
  6116 | D:8      | Killed Erica
  6116 | D:8      | Reached **** piety under Okawaru
  6118 | D:8      | Killed Psyche
  6221 | D:8      | Found a white marble altar of Elyvilon.
  6580 | D:8      | Found a glowing silver altar of Zin.
  6662 | D:9      | Found a staircase to the Lair.
  6669 | D:9      | Reached XP level 11. HP: 56/56 MP: 12/12
  6687 | D:9      | Reached ***** piety under Okawaru
  6687 | D:9      | Reached skill level 10 in Axes
  6743 | D:9      | Found a hide-covered altar of Uskayaw.
  6971 | D:9      | Found a sacrificial altar of Ru.
  7055 | D:9      | Identified the Tome of the Desert
  7485 | D:6      | Bought an uncursed ring of poison resistance for 300 gold
                  | pieces
  7559 | D:4      | Bought a potion of mutation for 96 gold pieces
  7559 | D:4      | Gained mutation: You tend to lose your temper in combat.
                  | [potion of mutation]
  7559 | D:4      | Gained mutation: You have supernaturally acute eyesight.
                  | (SInv) [potion of mutation]
  7559 | D:4      | Lost mutation: You have supernaturally acute eyesight.
                  | (SInv) [potion of mutation]
  7559 | D:4      | Gained mutation: You are partially covered in iridescent
                  | scales. (AC +2) [potion of mutation]
  7560 | D:4      | Lost mutation: You tend to lose your temper in combat.
                  | [potion of mutation]
  7560 | D:4      | Lost mutation: You are partially covered in iridescent
                  | scales. (AC +2) [potion of mutation]
  7560 | D:4      | Gained mutation: You have a pair of small horns on your
                  | head. [potion of mutation]
  7560 | D:4      | Gained mutation: You are partially covered in slimy green
                  | scales. (AC +2) [potion of mutation]
  7682 | Lair:1   | Entered Level 1 of the Lair of Beasts
  7767 | Lair:1   | Noticed an eight-headed hydra
  7770 | Lair:1   | Noticed a four-headed hydra
  7777 | Lair:1   | Noticed an eight-headed hydra
  7784 | Lair:1   | Slain by an eight-headed hydra

Skill      XL: |  1  2  3  4  5  6  7  8  9 10 11 |
---------------+----------------------------------+-----
Axes           | 2 3 4 6 7 8 9 10 | 10.6
Fighting       | 3 4 5 6 |  6.4
Shields        | 3 4 5 6 7 |  7.5
Armour         | 3 4 6 7 |  7.0
Dodging        | 1 2 |  2.2
Stealth        | 1 |  1.2
Invocations    | |  0.6

Action                   |  1- 3 |  4- 6 |  7- 9 | 10-12 || total
-------------------------+-------+-------+-------+-------++-------
Melee: War axe           |    84 |   112 |   280 |   239 ||   715
       Bite              |    22 |    24 |    72 |    63 ||   181
       Headbutt          |       |       |       |     3 ||     3
       Mace              |       |       |       |     1 ||     1
Invok: Heroism           |       |       |     2 |     4 ||     6
 Abil: Evoke Berserk Rag |       |       |       |     1 ||     1
  Use: Scroll            |       |     3 |     2 |     1 ||     6
       Potion            |       |       |       |     3 ||     3
  Eat: Chunk             |       |     4 |     7 |     8 ||    19
       Ration            |       |       |     3 |     1 ||     4
Armor: Scale mail        |    45 |    13 |       |       ||    58
       Chain mail        |       |    37 |   141 |   151 ||   329
Dodge: Dodged            |    35 |    42 |    72 |    82 ||   231
Block: Shield            |    52 |    49 |   157 |   150 ||   408
